 Dungeon Crawl Stone Soup version 0.23.0 (webtiles) character file.

Game seed: 17631221439911593305

1409 Kairos the Chopper (level 8, -9/42 HPs)
             Began as a Vine Stalker Fighter on Feb 11, 2019.
             Mangled by a hornet (13 damage)
             ... while paralysed by a hornet
             ... in the Ecumenical Temple.
             The game lasted 00:07:16 (4072 turns).

Kairos the Chopper (Vine Stalker Fighter)           Turns: 4072, Time: 00:07:18

Health: -9/42      AC:  9    Str: 26    XL:     8   Next: 70%
Magic:  0/9        EV:  2    Int:  8    God:
Gold:   298        SH:  0    Dex: 14    Spells: 7/7 levels left

rFire    + . .     SeeInvis .   a - +0 war axe
rCold    + + .     Gourm    .   c - +0 shield
rNeg     . . .     Faith    .   H - +2 ring mail "Biquxkao" {*Slow rF+ rC++ Regen+}
rPois    .         Spirit   +   (no helmet)
rElec    .         Reflect  .   (no cloak)
rCorr    .         Harm     .   s - +0 pair of gloves
MR       +....                  (no boots)
Stlth    +.........             (no amulet)
HPRegen  0.94/turn              (no ring)
MPRegen  0.11/turn              (no ring)

@: paralysed, mighty, lethally poisoned (-9 -> -12)
A: fangs 3, regeneration 1, magic shield, antimagic bite, no potion heal 3, rot
immunity
a: no special abilities


You were in the Ecumenical Temple.
You were not hungry.

You visited 2 branches of the dungeon, and saw 7 of its levels.

You collected 298 gold pieces.

Inventory:

Hand Weapons
 a - a +0 war axe (weapon)
Armour
 c - a +0 shield (worn)
 s - a +0 pair of gloves (worn)
 H - the +2 ring mail "Biquxkao" (worn) {*Slow rF+ rC++ Regen+}
   (You found it on level 5 of the Dungeon)

   It protects you from fire.
   It greatly protects you from cold.
   It increases your rate of regeneration.
   It may slow you when you take damage.
Jewellery
 r - an uncursed ring of ice
 y - a +3 ring of intelligence
Wands
 o - a wand of enslavement (3)
 C - a wand of random effects (21)
Scrolls
 e - 3 scrolls of remove curse
 g - 2 scrolls of enchant weapon {unknown}
 j - 7 scrolls of teleportation
 k - 2 scrolls of random uselessness
 l - 2 scrolls of enchant armour {unknown}
 n - 2 scrolls of immolation {unknown}
 p - 7 scrolls of identify
 u - a scroll of blinking {unknown}
 w - a scroll of noise {unknown}
 x - 2 scrolls of magic mapping {unknown}
 z - a scroll of fog {unknown}
 D - 4 scrolls of fear {unknown}
 F - a scroll of amnesia {unknown}
Potions
 d - a potion of might
 h - 3 potions of flight {unknown}
 i - a potion of mutation {unknown}
 m - 3 potions of degeneration {unknown}
 q - 3 potions of curing {unknown}
 v - a potion of brilliance {unknown}
 A - a potion of magic {unknown}
 B - a potion of lignification {unknown}
 E - a potion of agility {unknown}
 G - 3 potions of heal wounds {unknown}
 I - a potion of cancellation {unknown}
 K - a potion of ambrosia {unknown}
Comestibles
 f - 13 rations


   Skills:
 + Level 4.2 Fighting
 + Level 6.5 Axes
 + Level 4.5 Armour
 + Level 1.6 Dodging
 + Level 0.3 Stealth
 + Level 4.7 Shields


You had 7 spell levels left.
You didn't know any spells.
Your spell library was empty.

Dungeon Overview and Level Annotations

Branches:
Dungeon (6/15)             Temple (1/1) D:6

Altars:
Elyvilon
Fedhas
Gozag
Kikubaaqudgha
Trog
Wu Jian
Zin

Shops:
D:5 *

Annotations:
D:3 exclusion: oklob plant


Innate Abilities, Weirdness & Mutations

You have razor-sharp teeth.
Your natural rate of healing is unusually fast.
When hurt, damage is shared between your health and your magic reserves.
Your bite disrupts and absorbs the magic of your enemies.
Potions cannot restore your health.
You are immune to rotting.


Message History

You feel very mighty all of a sudden.
The hornet stings you but does no damage.
The orc hits you with a +0 whip. You block the hornet's attack.
You slash the hornet! You bite the hornet, but do no damage.
The hornet is heavily wounded.
You slash the orc!
You kill the orc!
The hornet barely misses you. You block the hornet's attack.
The hornet stings you!
* * * LOW HITPOINT WARNING * * *
You are poisoned.
You shrug off the repeated paralysis!
You closely miss the hornet. Your bite misses the hornet.
The hornet is heavily wounded.
You feel yourself speed up.
You feel sick. You block the hornet's attack. The hornet stings you!
* * * LOW HITPOINT WARNING * * *
You are more poisoned.
You suddenly lose the ability to move!
The hornet stings you!
You die...

....... .P.....
≈...... ≈......
......P##
≈..P....##
≈≈≈......♣###
≈≈≈....@)...#
≈≈≈≈≈..y......♣
≈≈≈≈≈..........
≈≈≈≈≈≈.........
≈≈≈≈≈≈≈...≈≈.≈.
≈≈≈≈≈≈≈≈≈≈≈≈≈≈≈
≈≈≈≈≈≈≈≈≈≈≈≈≈≈≈
≈≈≈≈≈≈≈≈≈≈≈≈≈≈≈


You could see a hornet.

Vanquished Creatures
  Grinder (D:3)
  Sigmund (D:5)
  An ice beast (D:4)
  A phantom (D:5)
  A sky beast (D:5)
  A black bear (D:5)
  A big kobold (D:5)
  A bullfrog (D:6)
  A howler monkey (D:6)
  3 crimson imps
  A bullfrog zombie (D:3)
  2 hounds (D:6)
  2 orc wizards
  2 orc priests (D:3)
  A centaur skeleton (D:5)
  2 hound zombies (D:5)
  A hound skeleton (D:4)
  A howler monkey zombie (D:5)
  A worker ant zombie (D:5)
  5 adders
  An adder skeleton (D:5)
  A worm (D:5)
  2 dart slugs
  3 leopard geckos
  15 orcs
  2 giant cockroaches (D:2)
  6 goblins
  6 hobgoblins
  8 jackals
  2 quokkas
  6 bats
  4 frilled lizards
  A jackal skeleton (D:4)
  13 kobolds
  A leopard gecko skeleton (D:5)
  9 rats
110 creatures vanquished.

Vanquished Creatures (others)
  A quokka (D:3)
1 creature vanquished.

Grand Total: 111 creatures vanquished

Notes
Turn   | Place    | Note
-------+----------+-------------------------------------------
     0 | D:1      | Kairos the Vine Stalker Fighter began the quest for the
                  | Orb.
     0 | D:1      | Reached XP level 1. HP: 11/11 MP: 2/2
   101 | D:1      | Reached XP level 2. HP: 14/16 MP: 3/3
   483 | D:1      | Reached skill level 2 in Axes
   498 | D:1      | Reached XP level 3. HP: 17/20 MP: 2/4
   882 | D:2      | Found an ornate altar of the Wu Jian Council.
   889 | D:2      | Gained mutation: Your natural rate of healing is unusually
                  | fast. [Vine Stalker growth]
   889 | D:2      | Reached XP level 4. HP: 17/24 MP: 5/5
  1059 | D:2      | Found a bloodstained altar of Trog.
  1190 | D:2      | Reached skill level 3 in Axes
  1198 | D:3      | Reached XP level 5. HP: 24/28 MP: 6/6
  1198 | D:3      | Noticed Grinder
  1385 | D:3      | Paralysed by Grinder for 5 turns
  1582 | D:3      | Killed Grinder
  1582 | D:3      | Reached skill level 4 in Axes
  1582 | D:3      | Reached XP level 6. HP: 22/32 MP: 3/7
  1733 | D:3      | Found a white marble altar of Elyvilon.
  1855 | D:3      | Reached XP level 7. HP: 26/36 MP: 6/8
  1920 | D:3      | Found a faded altar of an unknown god.
  1965 | D:3      | Found a blossoming altar of Fedhas.
  1982 | D:3      | Noticed an oklob plant
  2450 | D:4      | Reached skill level 5 in Axes
  2633 | D:4      | Reached skill level 1 in Dodging
  2681 | D:4      | Found an ancient bone altar of Kikubaaqudgha.
  2816 | D:4      | Found a glowing silver altar of Zin.
  2901 | D:5      | Entered Level 5 of the Dungeon
  2922 | D:5      | Found an opulent altar of Gozag.
  2982 | D:5      | Noticed Sigmund
  3057 | D:5      | Killed Sigmund
  3073 | D:5      | Gained mutation: You have razor-sharp teeth. [Vine Stalker
                  | growth]
  3073 | D:5      | Reached XP level 8. HP: 20/42 MP: 9/9
  3114 | D:5      | Reached skill level 6 in Axes
  3259 | D:5      | Got a black opal-encrusted ring mail
  3270 | D:5      | Identified the +2 ring mail "Biquxkao" {*Slow rF+ rC++
                  | Regen+} (You found it on level 5 of the Dungeon)
  3688 | D:5      | Found Tesenis's Assorted Antiques.
  3884 | D:6      | Noticed a hornet
  3951 | D:6      | Found a staircase to the Ecumenical Temple.
  4066 | Temple   | Entered the Ecumenical Temple
  4067 | Temple   | Paralysed by a hornet for 3 turns
  4072 | Temple   | Paralysed by a hornet for 3 turns
  4072 | Temple   | Mangled by a hornet

Skill      XL: |  1  2  3  4  5  6  7  8 |
---------------+-------------------------+-----
Fighting       | 3 4 |  4.2
Axes           | 2 3 4 5 6 |  6.5
Shields        | 3 4 |  4.7
Armour         | 3 4 |  4.5
Dodging        | 1 |  1.6
Stealth        | |  0.3

Action                   |  1- 3 |  4- 6 |  7- 9 || total
-------------------------+-------+-------+-------++-------
Melee: War axe           |   107 |    71 |   160 ||   338
       Bite              |    28 |    20 |    55 ||   103
  Use: Scroll            |     3 |       |       ||     3
       Potion            |       |       |     1 ||     1
  Eat: Chunk             |       |     3 |     6 ||     9
       Ration            |       |       |     1 ||     1
Armor: Scale mail        |    56 |    29 |    13 ||    98
       Chain mail        |       |       |    25 ||    25
       Ring mail         |       |       |    25 ||    25
Dodge: Dodged            |    40 |    13 |    43 ||    96
Block: Shield            |    64 |    39 |    90 ||   193
